 Dungeon Crawl Stone Soup version 0.21.1-1-g345015f (webtiles) character file.

3502 wojtek the Cleaver (level 9, -2/78 HPs)
             Began as a Minotaur Fighter on July 30, 2018.
             Was a Follower of Makhleb.
             Killed by divine providence
             ... invoked by an orc priest
              (10 damage)
             ... on level 8 of the Dungeon.
             The game lasted 00:07:35 (5806 turns).

wojtek the Cleaver (Minotaur Fighter)               Turns: 5806, Time: 00:07:35

Health: -2/78      AC: 16    Str: 24    XL:     9   Next: 80%
Magic:  11/11      EV: 10    Int:  9    God:    Makhleb [*.....]
Gold:   436        SH: 11    Dex: 10    Spells: 8/8 levels left

rFire    . . .     SeeInvis .   a - +0 war axe
rCold    . . .     Gourm    .   c - +0 shield
rNeg     . . .     Faith    .   F - +4 scale mail
rPois    .         Spirit   .   (helmet restricted)
rElec    .         Reflect  .   r - +2 cloak
rCorr    .         Harm     .   m - +0 pair of gloves
MR       .....                  (no boots)
Stlth    +.........             l - amulet of regeneration
HPRegen  0.63/turn              e - ring of stealth
MPRegen  0.12/turn              g - +4 ring of intelligence

@: no status effects
A: retaliatory headbutt, horns 2
a: Renounce Religion


You were on level 8 of the Dungeon.
You worshipped Makhleb.
Makhleb was aware of your devotion.
You were not hungry.

You visited 2 branches of the dungeon, and saw 10 of its levels.

You collected 436 gold pieces.

Inventory:

Hand Weapons
 a - a +0 war axe (weapon)
 A - a +2 falchion of holy wrath
Armour
 c - a +0 shield (worn)
 m - a +0 pair of gloves (worn)
 r - a +2 cloak (worn)
 F - a +4 scale mail (worn)
Jewellery
 e - a ring of stealth (left hand)
 g - a +4 ring of intelligence (right hand)
 l - an amulet of regeneration (around neck)
Wands
 D - a wand of disintegration (9)
Scrolls
 h - 3 scrolls of teleportation {unknown}
 i - 2 scrolls of fear {unknown}
 j - 4 scrolls of remove curse {unknown}
 k - 11 scrolls of identify {unknown}
 o - 7 scrolls of amnesia {unknown}
 p - a scroll of blinking {unknown}
 s - 2 scrolls of immolation {unknown}
 w - a scroll of enchant armour {unknown}
 y - 3 scrolls of enchant weapon {unknown}
 B - a scroll of noise {unknown}
 C - 2 scrolls of magic mapping {unknown}
 E - a scroll of fog {unknown}
Potions
 d - a potion of might
 n - 4 potions of lignification {unknown}
 q - 2 potions of haste {unknown}
 t - 2 potions of agility
 u - 2 potions of curing
 v - 2 potions of berserk rage {unknown}
 x - a potion of invisibility {unknown}
 G - a potion of flight {unknown}
Books
 z - a Young Poisoner's Handbook

   Spells                             Type                      Level
   a - Sting                          Conjuration/Poison           1
   b - Poisonous Vapours              Poison/Air                   2
   c - Mephitic Cloud                 Conjuration/Poison/Air       3
   d - Olgreb's Toxic Radiance        Poison                       4
   e - Venom Bolt                     Conjuration/Poison           5
Comestibles
 b - 3 chunks of flesh
 f - 22 rations


   Skills:
 + Level 6.5 Fighting
 * Level 10.9 Axes
 + Level 6.5 Armour
 + Level 4.7 Dodging
 + Level 6.6 Shields
 * Level 5.0 Invocations
 + Level 1.7 Evocations


You had 8 spell levels left.
You didn't know any spells.

Dungeon Overview and Level Annotations

Branches:
Dungeon (9/15)             Temple (1/1) D:6
   Lair: D:8-11         Orc: D:9-12

Altars:
Ashenzari
Cheibriados
Dithmenos
Elyvilon
Fedhas
Gozag
Kikubaaqudgha
Makhleb
Nemelex Xobeh
Okawaru
Qazlal
Ru
Sif Muna
Uskayaw
Vehumet
Wu Jian
Yredelemnul
Zin
The Shining One

Annotations:
D:5 2 transporters, Menkaure


Innate Abilities, Weirdness & Mutations

You reflexively headbutt those who attack you in melee.
You have a pair of horns on your head.


Message History

There is a stone staircase leading down here.
Unknown command.
Things that are here:
a robe; an enchanted flail The orc priest invokes the aid of Beogh against you.
Beogh smites you!
* * * LOW HITPOINT WARNING * * *
Items here: )) [[ a robe; a mace; a robe; an enchanted mace The orc priest invokes the aid of Beogh against you.
Pain shoots through your body!
* * * LOW HITPOINT WARNING * * *
Things that are here:
a robe; a hand axe of freezing The orc priest mumbles some strange prayers to Beogh against you.
Beogh smites you!
* * * LOW HITPOINT WARNING * * *
The orc priest mumbles some strange prayers to Beogh against you.
Beogh smites you!
You die...

#.## #.##...####. ####
#.# #.####......
...###.# #.####...###
##...#(### #<.....#.#
###((...## ##..####.#
##[##.o#### #..# #.#
#[[###....### ##.##
#.### ###.##
####...#####
#..#####.... #...#
###o.@..###...##...###
##[###
#####.#...........##
#.o## #..............#
#.#.#######
#.#..[.........#
..#.o..o..##
#.#............#
..#######o.#
..##).........## .##
##.# ######<..##...##
.# #.†o..# ##########
.## ####...o#


You could see an orc priest and an orc.

Vanquished Creatures
  Pikel (D:7)
  A spriggan (D:7)
  2 hungry ghosts
  4 slaves (D:7)
  An ice beast (D:7)
  A necrophage (D:5)
  A sky beast (D:8)
  7 ogres
  2 centaurs
  3 bullfrogs (D:7)
  A gnoll sergeant (D:9)
  2 scorpions (D:7)
  2 killer bees (D:8)
  5 wights (D:8)
  A howler monkey (D:4)
  A lava snake (D:7)
  5 crimson imps
  2 hounds
  2 jellies
  An orc priest (D:8)
  Crazy Yiuf (D:5)
  5 orc wizards
  Jessica (D:2)
  3 iguanas
  3 worker ants
  Robin (D:2)
  A howler monkey skeleton (D:7)
  3 gnolls (D:9)
  9 adders
  2 shadow imps
  An ooze (D:2)
  An adder skeleton (D:4)
  A dart slug (D:2)
  3 worms (D:2)
  6 leopard geckos
  18 orcs
  6 giant cockroaches
  11 goblins
  12 hobgoblins
  3 jackals (D:2)
  3 quokkas
  6 bats
  5 frilled lizards
  7 kobolds
  2 quokka skeletons
  A quokka zombie (D:7)
  6 rats
166 creatures vanquished.

Notes
Turn   | Place    | Note
-------+----------+-------------------------------------------
     0 | D:1      | wojtek the Minotaur Fighter began the quest for the Orb.
     0 | D:1      | Reached XP level 1. HP: 19/19 MP: 0/0
    94 | D:1      | Reached skill level 3 in Axes
   285 | D:1      | Reached XP level 2. HP: 26/26 MP: 1/1
   629 | D:2      | Reached skill level 4 in Axes
   634 | D:2      | Reached XP level 3. HP: 26/31 MP: 2/2
   874 | D:2      | Found a glowing golden altar of the Shining One.
   884 | D:2      | Noticed Jessica
   891 | D:2      | Killed Jessica
   891 | D:2      | Reached skill level 5 in Axes
   891 | D:2      | Reached XP level 4. HP: 39/39 MP: 3/3
   926 | D:2      | Noticed Robin
   943 | D:2      | Killed Robin
  1124 | D:2      | Reached skill level 6 in Axes
  1329 | D:2      | Found a sacrificial altar of Ru.
  1578 | D:3      | Reached XP level 5. HP: 45/45 MP: 4/4
  1607 | D:3      | Found a hide-covered altar of Uskayaw.
  2200 | D:4      | Noticed an ogre
  2206 | D:4      | Killed an ogre
  2206 | D:4      | Reached skill level 7 in Axes
  2357 | D:4      | Reached XP level 6. HP: 52/52 MP: 5/5
  2379 | D:4      | Found a stormy altar of Qazlal.
  2707 | D:5      | Entered Level 5 of the Dungeon
  2804 | D:5      | Reached skill level 8 in Axes
  2804 | D:5      | Reached skill level 1 in Dodging
  2833 | D:5      | Found a transporter.
  2833 | D:5      | Noticed a hungry ghost
  2850 | D:5      | Found a transporter.
  2850 | D:5      | Found an ancient bone altar of Kikubaaqudgha.
  2854 | D:5      | Noticed Menkaure
  2858 | D:5      | Noticed a vampire
  2860 | D:5      | Found a basalt altar of Yredelemnul.
  2871 | D:5      | Reached XP level 7. HP: 29/59 MP: 6/6
  2930 | D:5      | Found a deep blue altar of Sif Muna.
  2931 | D:5      | Found an ornate altar of the Wu Jian Council.
  2931 | D:5      | Found an iron altar of Okawaru.
  3019 | D:5      | Found a snail-covered altar of Cheibriados.
  3429 | D:5      | Found a runed door.
  3433 | D:5      | Noticed Crazy Yiuf
  3440 | D:5      | Killed Crazy Yiuf
  3544 | D:6      | Reached skill level 9 in Axes
  3757 | D:6      | Found a staircase to the Ecumenical Temple.
  3824 | D:6      | Reached XP level 8. HP: 46/67 MP: 7/7
  3848 | Temple   | Entered the Ecumenical Temple
  4072 | Temple   | Became a worshipper of Makhleb the Destroyer
  4131 | D:6      | Found a shattered altar of Ashenzari.
  4148 | D:6      | Reached skill level 5 in Armour
  4148 | D:6      | Reached skill level 5 in Shields
  4152 | D:6      | Reached skill level 5 in Fighting
  4510 | D:6      | Reached skill level 1 in Invocations
  4555 | D:7      | Noticed Pikel
  4580 | D:7      | Killed Pikel
  4640 | D:7      | Reached skill level 10 in Axes
  4694 | D:7      | Found a sparkling altar of Nemelex Xobeh.
  4726 | D:7      | Reached XP level 9. HP: 75/75 MP: 10/10
  5001 | D:7      | Reached * piety under Makhleb
  5481 | D:8      | Reached skill level 1 in Evocations
  5729 | D:8      | Reached skill level 5 in Invocations
  5806 | D:8      | Killed from afar by an orc priest

Skill      XL: |  1  2  3  4  5  6  7  8  9 |
---------------+----------------------------+-----
Axes           | 3 4 5 6 7 8 9 10 | 10.9
Fighting       | 4 5 6 |  6.5
Armour         | 4 5 6 |  6.5
Dodging        | 1 2 3 4 |  4.7
Shields        | 4 5 6 |  6.6
Invocations    | 3 5 |  5.0
Evocations     | 1 |  1.7

Action                   |  1- 3 |  4- 6 |  7- 9 || total
-------------------------+-------+-------+-------++-------
Melee: War axe           |    63 |   143 |   314 ||   520
       Headbutt          |    10 |    20 |    60 ||    90
Evoke: Wand              |       |       |     1 ||     1
  Eat: Chunk             |       |     6 |    16 ||    22
Armor: Scale mail        |    20 |    56 |   158 ||   234
Dodge: Dodged            |    15 |    37 |    94 ||   146
Block: Shield            |    37 |    63 |   150 ||   250
